 Dungeon Crawl Stone Soup version 0.25.0-9-g26727b657a (webtiles) character file.

Game seed: 15028209876148344022

44 mopl the Insei (level 3, -4/20 HPs)
             Began as a Kobold Transmuter on June 18, 2020.
             Killed from afar by Natasha (11 damage)
             ... with a magic dart
             ... on level 2 of the Dungeon.
             The game lasted 00:01:46 (955 turns).

mopl the Insei (Kobold Transmuter)                   Turns: 955, Time: 00:01:46

Health: -4/20      AC:  2    Str:  8    XL:     3   Next: 87%
Magic:  3/6        EV: 20    Int: 14    God:
Gold:   29         SH:  0    Dex: 20    Spells: 1/7 levels left

rFire    . . .     SeeInvis .     - Unarmed
rCold    . . .     Gourm    .   (shield currently unavailable)
rNeg     . . .     Faith    .   (armour currently unavailable)
rPois    x         Spirit   .   (helmet currently unavailable)
rElec    .         Reflect  .   (cloak currently unavailable)
rCorr    .         Harm     .   (gloves currently unavailable)
MR       .....                  (boots currently unavailable)
Stlth    ++........             (no amulet)
HPRegen  0.06/turn              (no ring)
MPRegen  0.10/turn              (no ring)

@: spider-form (expiring), slowed, very slow
A: tiny, carnivore
a: End Transformation


You were on level 2 of the Dungeon.
You were completely stuffed.
You were a venomous arachnid creature.
You visited 1 branch of the dungeon, and saw 2 of its levels.

You collected 29 gold pieces.

Inventory:

Missiles
 a - 41 arrows
 c - 33 stones
 m - 6 curare-tipped darts (quivered)
 o - 16 sling bullets
Armour
 b - a +0 robe (melded)
Scrolls
 e - 2 scrolls of identify {unknown}
 h - 4 scrolls of teleportation
 k - a scroll of random uselessness {unknown}
 l - a scroll of enchant weapon {unknown}
 n - a scroll of remove curse {unknown}
Potions
 g - a potion of curing {unknown}
 i - a potion of lignification {unknown}
 j - a potion of flight {unknown}
Comestibles
 d - 3 rations
 f - 11 chunks of flesh


   Skills:
 - Level 1.1 Fighting
 - Level 2.4 Dodging
 * Level 3.8 Unarmed Combat
 + Level 2.6 Spellcasting
 + Level 2.5 Transmutations
 + Level 0.5 Poison Magic


You had one spell level left.
You knew the following spells:

 Your Spells              Type           Power        Failure   Level  Hunger
a - Beastly Appendage     Tmut           #.....       21%         1    #......
b - Spider Form           Tmut/Pois      #.........   56%         3    ###....
w - Sticks to Snakes      Tmut           #.......     28%         2    ###....

Your spell library contained the following spells:

 Spells                   Type           Power        Failure   Level  Hunger
 Ice Form                 Ice/Tmut       #.......     91%         4    #####..
 Blade Hands              Tmut           #.........   98%         5    ######.


Dungeon Overview and Level Annotations

Branches:
Dungeon (2/15)

Altars:

Annotations:
D:2 Natasha


Innate Abilities, Weirdness & Mutations

You are small and have problems with some larger weapons.
You are carnivorous and can eat meat at any time.


Message History

You feel yourself slow down.
You barely miss Natasha. Natasha barely misses you.
Natasha mewls in sadness.
Natasha casts a spell.
You barely miss the crimson imp. Natasha casts a spell at you.
The magic dart hits you! The crimson imp hits you.
You are too injured to fight recklessly!
You are too injured to fight recklessly!
You hit Natasha.
Natasha is poisoned.
Natasha is moderately wounded.
Natasha completely misses you. The crimson imp misses you. Natasha claws you.
Unknown command.
You hit Natasha.
Natasha looks as sick as possible!
Natasha is severely wounded.
The crimson imp closely misses you.
Natasha stares at you and mumbles some strange words.
The magic dart hits you!
Ouch! That really hurt!
You die...

## ..g ... #. #s#
.#.## #h# ...# #.#
#..# #.####g######..#
#..5shs........#
#######.######..####
#.......÷..........#
#.....#.##.#.......#
......†.##.#.#####.#
#....)####.#.# #.#
...... ###÷#.# #.##
#.######.....# #..#
#.#..........#####..#


You could see Natasha (extremely poisoned), a crimson imp (summoned), a giant
cockroach and a goblin.

Vanquished Creatures
  A gnoll (D:1)
  A dart slug (D:2)
  A leopard gecko (D:1)
  6 bats (D:1)
  3 giant cockroaches
  2 goblins (D:1)
  2 hobgoblins (D:1)
  5 jackals
  A frilled lizard (D:1)
  3 kobolds
  4 rats (D:1)
29 creatures vanquished.

Notes
Turn   | Place    | Note
-------+----------+-------------------------------------------
     0 | D:1      | mopl the Kobold Transmuter began the quest for the Orb.
     0 | D:1      | Reached XP level 1. HP: 12/12 MP: 3/3
    29 | D:1      | Reached XP level 2. HP: 16/16 MP: 3/5
    35 | D:1      | Learned a level 2 spell: Sticks to Snakes
   435 | D:1      | Reached XP level 3. HP: 13/20 MP: 4/6
   447 | D:1      | Learned a level 3 spell: Spider Form
   945 | D:2      | Noticed Natasha
   955 | D:2      | Killed from afar by Natasha

Illustrated notes

Levels and vault maps discovered:
D:1:      dpeg_arrival_another_circle, layout_basic, minmay_distorted
D:2:      layout_loops_ring, chequers_ecumenical_altar_simple, uniq_terence,
          uniq_natasha, uniq_jessica

Action                   || total
-------------------------++-------
Melee: Unarmed           ||   100
       Kick              ||    13
       Headbutt          ||     7
       Punch             ||     1
 Cast: Beastly Appendage ||    20
       Spider Form       ||     1
  Use: Scroll            ||     1
 Stab: Sleeping          ||     1
  Eat: Chunk             ||     9
Armor: Robe              ||     3
Dodge: Dodged            ||    91
